 Dungeon Crawl Stone Soup version 0.28-a0-769-g550dbda0cd (webtiles) character file.

Game seed: 6149057468109090276

67036 jasper the Peltast (level 14, -24/104 (106) HPs)
             Began as a Demonspawn Artificer on Oct 31, 2021.
             Was an Elder of Cheibriados.
             Killed from afar by an iron dragon (44 damage)
             ... with a spray of metal splinters
             ... on level 13 of the Dungeon.
             The game lasted 00:35:59 (31001 turns).

jasper the Peltast (Demonspawn Artificer)          Turns: 31001, Time: 00:36:00

HP:   -24/104 (106) AC: 14    Str: 25    XL:     14   Next: 81%
MP:   11/21         EV: 19    Int: 31    God:    Cheibriados [****..]
Gold: 798           SH: 18    Dex: 32    Spells: 3/13 levels left

rFire   . . .      SeeInvis .     - Unarmed
rCold   . . .      Faith    +   d - +1 kite shield
rNeg    + . .      Spirit   .   p - +4 ring mail {rF+}
rPois   +          Reflect  .   I - +0 hat {Will+}
rElec   +          Harm     .   a - +0 cloak of Vacren {Fly Str+3 Stlth+}
rCorr   .          Rampage  .   (no gloves)
Will    ++...                   W - +2 pair of boots
Stlth   +++++.....              i - amulet "Ludiam" {Faith rElec rPois rC- Slay+4}
HPRegen 0.27/turn               l - ring of ice
MPRegen 0.17/turn               P - ring of Equivalence {rN+ Int+6 Dex+4}

@: flying, lightly drained, very slow
A: claws 2, thin skeletal structure 2, powered by pain 2, spiny 2, horns 1, low
mp 1, wild magic 1, MP-powered wands
a: Renounce Religion, Bend Time, Temporal Distortion, Slouch


You were on level 13 of the Dungeon.
You worshipped Cheibriados.
Cheibriados was greatly pleased with you.
You visited 4 branches of the dungeon, and saw 22 of its levels.
You also visited: Bailey and Volcano.

You collected 2247 gold pieces.
You spent 1449 gold pieces at shops.

Inventory:

Missiles
 g - 5 javelins
 h - 579 stones (quivered)
 w - a throwing net
 x - 106 poisoned darts
Armour
 a - the +0 cloak of Vacren (worn) {Fly Str+3 Stlth+}
   (You bought it in a shop on level 13 of the Dungeon)

   Str:       It affects your strength (+3).
   Fly:       It grants you flight.
   Stlth:     It makes you more stealthy.
 d - a +1 kite shield (worn)
 p - a +4 ring mail of fire resistance (worn)
 B - a +2 helmet
 I - a +0 hat of willpower (worn)
 W - a +2 pair of boots (worn)
Jewellery
 i - the amulet "Ludiam" (around neck) {Faith rElec rPois rC- Slay+4}
   (You acquired it on level 5 of the Dungeon)

   [amulet of faith]

   It allows you to gain divine favour quickly.
   Slay:      It affects your accuracy & damage with ranged weapons and melee
   (+4).
   rC:        It makes you vulnerable to cold.
   rElec:     It insulates you from electricity.
   rPois:     It protects you from poison.
 j - a ring of fire
 l - a ring of ice (left claw)
 n - an amulet of the acrobat
 C - a ring of willpower
 E - a ring of resist corrosion
 G - a ring of positive energy
 J - a ring of poison resistance
 N - an amulet of magic regeneration
 P - the ring of Equivalence (right claw) {rN+ Int+6 Dex+4}
   (You bought it in a shop on level 1 of the Dungeon)

   [ring of intelligence]

   Int:       It affects your intelligence (+6).
   Dex:       It affects your dexterity (+4).
   rN:        It protects you from negative energy.
 Q - a ring of flight
 Z - a +6 ring of intelligence
Wands
 H - a wand of acid (2)
 L - a wand of paralysis (10)
 O - a wand of flame (12)
 T - a wand of iceblast (6)
Scrolls
 b - 3 scrolls of enchant armour
 k - 4 scrolls of fog
 o - 2 scrolls of summoning
 q - 3 scrolls of magic mapping
 t - a scroll of acquirement
 u - a scroll of silence
 v - 4 scrolls of immolation
 y - 2 scrolls of identify
 D - 4 scrolls of enchant weapon
 F - 3 scrolls of amnesia
 K - a scroll of torment
 M - 8 scrolls of teleportation
 R - 4 scrolls of fear
Potions
 f - 2 potions of magic
 r - 5 potions of haste
 s - a potion of attraction
 z - 5 potions of brilliance
 A - 5 potions of flight
 S - a potion of lignification
 U - 2 potions of invisibility
 V - 7 potions of curing
 X - 2 potions of cancellation
Miscellaneous
 e - a piece from Xom's chessboard (15/15)


   Skills:
 + Level 8.5 Fighting
 - Level 5.0 Armour
 + Level 7.8 Dodging
 - Level 0.8 Stealth
 - Level 15.0 Shields
 * Level 10.9 Unarmed Combat
 + Level 4.6 Hexes
 + Level 5.0 Necromancy
 - Level 13.0 Invocations
 - Level 3.0 Evocations


You had 3 spell levels left.
You knew the following spells:

 Your Spells              Type           Power      Damage    Failure   Level
a - Confusing Touch       Hex            37%        N/A       10%         3
b - Vampiric Draining     Necr           20%        2d8       8%          3
c - Animate Dead          Necr           20%        N/A       24%         4

Your spell library contained the following spells:

 Spells                   Type           Power      Damage    Failure   Level
 Slow                     Hex            100%       N/A       3%          1
 Magic Dart               Conj           0%         1d3       19%         1
 Searing Ray              Conj           0%         2d4       28%         2
 Fulminant Prism          Conj/Hex       9%         3d7       54%         4
 Iskenderun's Mystic Bla  Conj/Tloc      0%         2d3       85%         4
 Borgnjor's Vile Clutch   Necr/Erth      10%        N/A       85%         5
 Death Channel            Necr           20%        N/A       97%         6
 Alistair's Intoxication  Tmut/Pois      0%         N/A       99%         5
 Lee's Rapid Deconstruct  Erth           0%         3d5*      99%         5
 Eringya's Noxious Bog    Tmut/Pois      0%         N/A       100%        6


Dungeon Overview and Level Annotations

Branches:
Dungeon (13/15)            Temple (1/1) D:7            Lair (6/6) D:11
 Shoals (0/4) Lair:2        Snake (0/4) Lair:2        Slime (0/5) Lair:5
    Orc (2/2) D:10            Elf (0/3) Orc:2        Bailey (visited)
Volcano (visited)
 Vaults: D:13-14

Altars:
Ashenzari
Cheibriados
Fedhas
Hepliaklqana
Kikubaaqudgha
Makhleb
Ru
Sif Muna
Uskayaw
Vehumet
Wu Jian
Zin
Beogh

Shops:
D:1 =   D:2 (   D:13 *   Orc:2 ?[[*

Annotations:
D:9 4 runed translucent doors
Lair:5 exclusion: 2 oklob plants
Lair:6 exclusions: 3 doors and oklob plant


Innate Abilities, Weirdness & Mutations

You have very sharp fingernails.
You have a moderately thin skeletal structure. (Dex +4, Stealth++)
You sometimes gain power by taking damage.
You are mostly covered in sharp spines.
You have a pair of small horns on your head.
Your magical capacity is low. (-10% MP)
Your spells are a little harder to cast, but a little more powerful.
You expend magic power (3 MP) to strengthen your wands.


Message History

You take 9 damage, and have 36/105 hp.
You claw the shadow dragon! Your headbutt misses the shadow dragon.
The shadow dragon is severely wounded.
You block the iron dragon's attack.
The iron dragon claws you but does no damage.
You block the iron dragon's attack.
You scratch the shadow dragon but do no damage.
The shadow dragon is severely wounded.
You block the shadow dragon's attack. x2
The shadow dragon claws you but does no damage.
The iron dragon bites you!
* * * LOW HITPOINT WARNING * * *
You block the iron dragon's attack. x2
You take 10 damage, and have 26/105 hp.
You feel much better.
The shadow dragon is struck by your spines.
The shadow dragon bites you. You partially resist.
You feel drained. The shadow dragon barely misses you.
The shadow dragon claws you but does no damage.
The iron dragon barely misses you. The iron dragon completely misses you.
The iron dragon tramples you!
* * * LOW HITPOINT WARNING * * *
You focus on the pain.
You feel your power returning.
You hold your ground!
You regained 2 hp, and now have 28/104 hp.
MP restored: 21
Okay, then.
You can feel time thicken for a moment.
You block the shadow dragon's attack. The shadow dragon claws you.
* * * LOW HITPOINT WARNING * * *
The shadow dragon claws you.
* * * LOW HITPOINT WARNING * * *
You take 8 damage, and have 20/104 hp.
You now have 16/21 mp.
You can feel time thicken for a moment.
You kill the shadow dragon!
Cheibriados appreciates the change of pace.
The shadow dragon scales are intact enough to wear.
Cheibriados lowers the support of your attributes as your movement quickens.
The iron dragon breathes metal splinters at you.
The spray of metal splinters hits you!!!
You die...

##..###...#....... #..#
....##.......##### #..#
....##...........### ..#
#..#
##.......####......#...#
#..#
#......##.........##..
#..# #......#
...###...#.. #..##
#......# ##...#...#.#
#....
#......#..#..|.#...#.#
#....
.....#......}.[@D..#.#
#....
......#...#.}..#.)#...#
#.... ##....#...#...
#..#...# #.... ###
....#...# #....
....##...# #....
...####....# #....
...........# #.... ##
.....#..#######....
...................


You could see an iron dragon (catching breath).

Vanquished Creatures
  Gastronok (Lair:2)
  A sphinx (D:13)
  A shadow dragon (D:13)
  A fire giant (D:13)
  Azrael (Orc:2)
  Fannar (Lair:2)
  2 boulder beetles
  9 hydras
  5 two-headed ogres
  2 centaur warriors
  2 tengu warriors
  6 death yaks (Lair:6)
  An orc high priest (Orc:2)
  The ghost of pigah the Zephyrmancer, a novice OpWn of Sif Muna (D:10)
  Nergalle (D:12)
  2 deep elf pyromancers (D:12)
  4 orc sorcerers (Orc:2)
  3 orc knights
  3 cyclopes
  9 elephants
  A merfolk siren (Lair:2)
  A dire elephant zombie (Lair:6)
  8 black mambas
  2 gargoyles
  2 rime drakes (Lair:5)
  Maggie (Temple)
  2 unseen horrors
  11 cane toads
  7 komodo dragons
  A komodo dragon (shapeshifter) (D:13)
  2 trolls
  The ghost of AttackTheMoon the Skirmisher, an amateur PaCA of Ignis (D:4)
  A polar bear (Lair:5)
  A hornet (D:10)
  7 blink frogs
  A slime creature (D:12)
  5 dream sheep (Lair:6)
  5 water elementals (D:12)
  3 shadows
  64 yaks
  4 wraiths
  2 vampires
  2 fire elementals (Orc:2)
  3 wyverns
  5 basilisks
  6 vampire mosquitoes
  A death yak simulacrum (Lair:6)
  A steam dragon (D:8)
  2 wargs
  3 nagas (Lair:2)
  7 water moccasins
  2 hell hounds (Orc:2)
  5 sky beasts
  2 ice beasts (D:7)
  20 orc warriors
  8 wolves
  3 ogres
  20 centaurs
  2 kobold brigands
  7 bullfrogs
  2 scorpions
  A wyvern skeleton (D:6)
  2 water moccasin skeletons
  7 killer bees
  5 wights (D:9)
  10 electric eels
  A howler monkey (D:10)
  A bullfrog zombie (D:7)
  A centaur zombie (D:9)
  7 hounds
  16 orc priests
  3 gnoll shamans
  A centaur skeleton (D:2)
  An iguana (D:5)
  31 orc wizards
  A killer bee zombie (D:8)
  2 hound skeletons
  A howler monkey zombie (D:9)
  10 adders
  15 gnolls
  An ufetubus (D:4)
  3 worms
  3 dart slugs
  86 orcs
  4 bats
  8 endoplasms
  A giant cockroach (D:1)
  8 goblins
  7 hobgoblins
  20 kobolds
  5 quokkas
  10 ball pythons
  5 frilled lizards
  8 rats
574 creatures vanquished.

Vanquished Creatures (collateral kills)
  A yak (D:5)
  2 orc warriors (Bailey)
  3 orcs (Bailey)
  An endoplasm (D:1)
7 creatures vanquished.

Vanquished Creatures (others)
  A yak (D:5)
  An orc wizard (D:12)
  33 fungi
  49 plants
  10 withered plants
94 creatures vanquished.

Grand Total: 675 creatures vanquished

Notes
Turn   | Place    | Note
-------+----------+-------------------------------------------
     0 | D:1      | jasper the Demonspawn Artificer began the quest for the
                  | Orb.
     0 | D:1      | Reached XP level 1. HP: 15/15 MP: 1/1
    26 | D:1      | Reached skill level 1 in Dodging
   180 | D:1      | Gained mutation: You have sharp fingernails. [demonic
                  | ancestry]
   180 | D:1      | Reached XP level 2. HP: 12/21 MP: 2/2
  1019 | D:1      | Gained mutation: You are partially covered in sharp spines.
                  | [demonic ancestry]
  1019 | D:1      | Reached XP level 3. HP: 25/27 MP: 3/3
  1176 | D:1      | Found Okheh's Jewellery Shop.
  1431 | D:1      | Reached skill level 1 in Unarmed Combat
  2512 | D:3      | Gained mutation: You sometimes gain a little power by
                  | taking damage. [demonic ancestry]
  2512 | D:3      | Reached XP level 4. HP: 24/33 MP: 4/4
  3070 | D:4      | Noticed a centaur
  3522 | D:4      | Killed a centaur
  3523 | D:4      | Reached XP level 5. HP: 18/39 MP: 5/5
  3873 | D:4      | Gained mutation: You have a somewhat thin skeletal
                  | structure. (Dex +2, Stealth+) [demonic ancestry]
  3873 | D:4      | Reached XP level 6. HP: 35/46 MP: 6/6
  4274 | D:4      | Found a runed translucent door.
  4274 | D:4      | Noticed AttackTheMoon's ghost (amateur PaCA)
  4423 | D:5      | Entered Level 5 of the Dungeon
  4430 | D:5      | Noticed a yak
  4437 | D:5      | Noticed a yak
  4442 | D:5      | Killed a yak
  4444 | D:5      | Noticed a yak
  4453 | D:5      | Killed a yak
  4454 | D:5      | Gained mutation: You are mostly covered in sharp spines.
                  | [demonic ancestry]
  4454 | D:5      | Reached XP level 7. HP: 46/52 MP: 7/7
  4575 | D:5      | Identified a scroll of acquirement
  4575 | D:5      | Acquired the amulet "Ludiam" {Faith rElec rPois rC- Slay+4}
  4672 | D:5      | You fall into a shaft and drop 2 floors!
  5024 | D:8      | Identified the +0 ring mail of Zin's Displeasure {Fly rPois
                  | Str-2 Dex+3}
  5300 | D:8      | Noticed a two-headed ogre
  5316 | D:8      | Killed a two-headed ogre
  5317 | D:8      | Reached skill level 5 in Unarmed Combat
  5317 | D:8      | Gained mutation: You sometimes gain power by taking damage.
                  | [demonic ancestry]
  5317 | D:8      | Reached XP level 8. HP: 13/61 MP: 8/8
  5803 | D:8      | Reached skill level 5 in Fighting
  6131 | D:8      | Reached skill level 5 in Armour
  6352 | D:9      | Noticed a tengu warrior
  6369 | D:7      | Found a staircase to the Ecumenical Temple.
  6381 | Temple   | Entered the Ecumenical Temple
  6510 | Temple   | Became a worshipper of Cheibriados the Contemplative
  6526 | D:7      | Noticed Maggie
  6968 | D:7      | Noticed an angel
  6983 | D:7      | Reached skill level 1 in Invocations
  6983 | D:7      | Reached XP level 9. HP: 59/68 MP: 9/9
  7423 | D:6      | Reached skill level 5 in Dodging
  7734 | D:6      | Reached * piety under Cheibriados
  8737 | D:5      | Reached ** piety under Cheibriados
  9373 | D:4      | Killed AttackTheMoon's ghost
  9474 | D:2      | Reached *** piety under Cheibriados
  9802 | D:2      | Found Zobru's Antique Weapon Emporium.
 10373 | D:7      | Noticed a gargoyle
 10379 | D:7      | Reached **** piety under Cheibriados
 10386 | D:7      | Killed a gargoyle
 10387 | D:7      | Gained mutation: You have very sharp fingernails. [demonic
                  | ancestry]
 10387 | D:7      | Reached XP level 10. HP: 77/77 MP: 13/13
 10457 | D:7      | Reached skill level 5 in Invocations
 10501 | D:7      | Noticed a boulder beetle
 10779 | Temple   | Killed Maggie
 10825 | D:9      | Noticed a tengu warrior
 10837 | D:8      | Killed a tengu warrior
 11262 | D:9      | Killed a tengu warrior
 11610 | D:9      | Found a runed translucent door.
 11619 | D:9      | Reached skill level 10 in Invocations
 11777 | D:9      | Noticed a two-headed ogre
 11788 | D:9      | Killed a two-headed ogre
 11832 | D:9      | Found a runed translucent door.
 11848 | D:9      | Reached XP level 11. HP: 73/84 MP: 19/19
 11910 | D:9      | Found a runed translucent door.
 11925 | D:9      | Found a runed translucent door.
 12305 | D:9      | Reached ***** piety under Cheibriados
 12611 | D:10     | Entered Level 10 of the Dungeon
 12611 | D:10     | Found a staircase to the Orcish Mines.
 13224 | D:10     | Found a runed translucent door.
 13224 | D:10     | Noticed pigah's ghost (novice OpWn)
 13253 | D:10     | Killed pigah's ghost
 13516 | Orc:1    | Entered Level 1 of the Orcish Mines
 13665 | D:11     | Noticed an orc knight
 13680 | D:11     | Killed an orc knight
 13684 | D:11     | Reached skill level 1 in Shields
 14051 | D:11     | Reached skill level 2 in Shields
 14135 | D:11     | Found a staircase to the Lair.
 14216 | D:11     | Reached skill level 3 in Shields
 14633 | D:11     | Noticed a two-headed ogre
 14640 | D:11     | Killed a two-headed ogre
 14641 | D:11     | Reached skill level 4 in Shields
 14671 | D:11     | Noticed a two-headed ogre
 14683 | D:11     | Killed a two-headed ogre
 14684 | D:11     | Reached skill level 5 in Shields
 15026 | D:11     | Reached skill level 6 in Shields
 15179 | D:11     | Found an ornate altar of the Wu Jian Council.
 15626 | Lair:1   | Entered Level 1 of the Lair of Beasts
 15780 | Lair:1   | Reached skill level 7 in Shields
 16011 | Lair:1   | Reached XP level 12. HP: 80/91 MP: 21/21
 16063 | Lair:1   | Found a radiant altar of Vehumet.
 16108 | Lair:1   | Reached skill level 8 in Shields
 16820 | Lair:1   | Learned a level 3 spell: Confusing Touch
 16970 | Lair:2   | Found a staircase to the Snake Pit.
 16999 | Lair:2   | Noticed Gastronok
 17199 | Lair:2   | Reached skill level 9 in Shields
 17535 | Lair:2   | Noticed Fannar
 17547 | Lair:2   | Killed Fannar
 17668 | Lair:2   | Found a burning altar of Makhleb.
 17733 | Lair:2   | Reached skill level 10 in Shields
 18346 | Lair:2   | Reached ****** piety under Cheibriados
 18347 | Lair:2   | Gained mutation: Your magical capacity is low. (-10% MP)
                  | [potion of mutation]
 18347 | Lair:2   | Gained mutation: You have a pair of small horns on your
                  | head. [potion of mutation]
 18347 | Lair:2   | Gained mutation: Your spells are a little harder to cast,
                  | but a little more powerful. [potion of mutation]
 18347 | Lair:2   | Gained mutation: You expend magic power (3 MP) to
                  | strengthen your wands. [potion of mutation]
 18353 | Lair:2   | Killed Gastronok
 18354 | Lair:2   | Reached skill level 11 in Shields
 18602 | Lair:2   | Found a staircase to the Shoals.
 19260 | D:1      | Bought the ring of Equivalence {rN+ Int+6 Dex+4} for 781
                  | gold pieces
 19266 | D:1      | Learned a level 3 spell: Vampiric Draining
 19643 | Lair:3   | Reached skill level 12 in Shields
 20159 | Lair:3   | Noticed a four-headed hydra
 20169 | Lair:3   | Killed a four-headed hydra
 20170 | Lair:3   | Reached XP level 13. HP: 84/96 MP: 8/20
 21198 | Lair:4   | Reached skill level 13 in Shields
 22135 | Lair:5   | Found a dark tunnel.
 22152 | Volcano  | Entered a volcano
 22677 | Lair:5   | Reached skill level 14 in Shields
 23867 | Orc:2    | Entered Level 2 of the Orcish Mines
 24524 | Orc:2    | Noticed Azrael
 24544 | Orc:2    | Killed Azrael
 24779 | Orc:2    | Paralysed by an orc sorcerer for 3 turns
 25433 | Orc:2    | Found Geasoset's Antique Armour Shoppe.
 25433 | Orc:2    | Found Aleb's General Store.
 25434 | Orc:2    | Found Voysa's Armour Emporium.
 25441 | Orc:2    | Found Ytruipp's Magic Scroll Emporium.
 25444 | Orc:2    | Bought a scroll of fear for 63 gold pieces
 25444 | Orc:2    | Bought a scroll of teleportation for 54 gold pieces
 25444 | Orc:2    | Bought a scroll of teleportation for 54 gold pieces
 25444 | Orc:2    | Bought a scroll of fear for 63 gold pieces
 25446 | Orc:2    | Bought a scroll of immolation for 49 gold pieces
 25904 | Orc:2    | Found a staircase to the Elven Halls.
 26162 | Lair:6   | Entered Level 6 of the Lair of Beasts
 26165 | Lair:6   | Reached skill level 15 in Shields
 26169 | Lair:6   | Reached skill level 1 in Necromancy
 26173 | Lair:6   | Reached skill level 1 in Hexes
 26770 | Lair:6   | Noticed a dire elephant
 26771 | Lair:6   | Noticed a dire elephant
 26771 | Lair:6   | Noticed a dire elephant
 26791 | Lair:6   | Gained mutation: You have a moderately thin skeletal
                  | structure. (Dex +4, Stealth++) [demonic ancestry]
 26791 | Lair:6   | Reached XP level 14. HP: 52/103 MP: 21/21
 27806 | Lair:6   | Reached skill level 10 in Unarmed Combat
 27822 | Lair:6   | Learned a level 4 spell: Animate Dead
 29243 | D:12     | Noticed Nergalle
 29266 | D:12     | Killed Nergalle
 30400 | D:13     | Found a flagged portal.
 30407 | Bailey   | Entered a bailey
 30484 | Bailey   | Acquired 258 gold pieces
 30943 | D:13     | Found Foph's General Store.
 30946 | D:13     | Bought the +0 cloak of Vacren {Fly Str+3 Stlth+} for 340
                  | gold pieces
 30946 | D:13     | Bought a potion of curing for 45 gold pieces
 30984 | D:13     | Noticed an iron dragon
 30984 | D:13     | Noticed a sphinx
 30985 | D:13     | Noticed a shadow dragon
 30985 | D:13     | Noticed a fire giant
 30991 | D:13     | Killed a sphinx
 30991 | D:13     | Killed a fire giant
 30992 | D:13     | Reached skill level 5 in Necromancy
 31001 | D:13     | Killed a shadow dragon
 31001 | D:13     | Killed from afar by an iron dragon

Illustrated notes

Levels and vault maps discovered:
D:1:      lightli_arrival_maybe_door_vault, layout_basic, serial_shops,
          nicolae_shop_behind_doors, minivault_19
D:2:      layout_loops_ring, serial_shops, shop, minmay_misc_feat_rugged
D:3:      layout_basic
D:4:      wad_pebble_path, layout_rooms, gammafunk_ghost_grave, dk_vineyard_2,
          hangedman_decor_growths
D:5:      layout_gridville, grunt_ministairs_15, minmay_misc_feat_chi
D:6:      layout_loops_corners
D:7:      minmay_slanted_spiral_squares, layout_cave_pools, zin_angel,
          minmay_temple_entry_arrows, uniq_maggie
D:8:      layout_loops_ring
D:9:      layout_big_octagon, minmay_statue_crystal_thing
D:10:     layout_long_grid, minmay_orc_entry_guard_dogs, gammafunk_ghost_grave
D:11:     layout_cave_pods, erik_lair_island, nicolae_wu_jian_wuxing_cycle
D:12:     layout_basic, minmay_between, uniq_nergalle
D:13:     layout_small_grid, serial_shops, kennysheep_mini, enter_bailey_3,
          minmay_radiant
Temple:   roderic_octagonal_lattice_temple
Lair:1:   layout_small_grid, basic_altar, chequers_serial_rivers_large_a,
          minmay_hedge_maze
Lair:2:   layout_concentric_octagons, minmay_shoals_entry_lonely_mermaid,
          minmay_snake_entry_guardpost_small, lemuel_centaur_altar,
          uniq_gastronok, uniq_fannar
Lair:3:   layout_cave_pods, grunt_megastairs_4
Lair:4:   layout_misc_corridors
Lair:5:   layout_concentric_octagons, minmay_slime_entry_oklob_enclosed,
          enter_volcano_1, chequers_serial_rivers_large_b
Lair:6:   due_jungle_book, layout_loops_ring, grunt_megastairs_2
Orc:1:    layout_diamond_mine, minmay_orc_keep
Orc:2:    st_orc_mages, layout_diamond_mine, basic_altar, special_room,
          nicolae_orc_pool_cavern, uniq_azrael

Skill      XL: |  1  2  3  4  5  6  7  8  9 10 11 12 13 14 |
---------------+-------------------------------------------+-----
Dodging        | 1 2 3 4 5 6 7 |  7.8
Armour         | 2 3 4 5 |  5.0
Unarmed Combat | 1 2 3 4 5 6 8 9 10 | 10.9
Fighting       | 2 3 4 5 6 7 8 |  8.5
Invocations    | 1 4 10 13 | 13.0
Shields        | 7 12 15 | 15.0
Necromancy     | 2 5 |  5.0
Hexes          | 1 4 |  4.6
Stealth        | |  0.8
Evocations     | |  3.0

Action                   |  1- 3 |  4- 6 |  7- 9 | 10-12 | 13-15 || total
-------------------------+-------+-------+-------+-------+-------++-------
Melee: Club              |    29 |       |       |       |       ||    29
       Short sword       |    41 |       |       |       |       ||    41
       Unarmed           |    23 |    99 |   222 |   364 |   549 ||  1257
       Punch             |     1 |       |    11 |    13 |       ||    25
       Headbutt          |       |       |       |    18 |   220 ||   238
Throw: Stone             |    38 |    12 |    13 |    30 |    30 ||   123
       Javelin           |       |     4 |       |       |       ||     4
       Dart              |       |       |       |     6 |       ||     6
       Throwing net      |       |       |       |     1 |       ||     1
 Cast: Animate Dead      |       |       |       |       |     3 ||     3
Invok: Slouch            |       |       |       |     4 |    24 ||    28
Evoke: Wand              |    15 |     2 |     9 |    48 |     7 ||    81
  Use: Scroll            |     3 |     6 |    10 |     7 |     6 ||    32
       Potion            |       |     1 |     3 |     2 |     2 ||     8
 Stab: Sleeping          |     2 |     1 |     5 |    10 |    10 ||    28
       Held in net/web   |       |       |       |     1 |       ||     1
       Invisible         |       |       |       |       |     4 ||     4
       Distracted        |       |       |       |       |     3 ||     3
Armor: Leather armour    |    28 |     1 |       |       |       ||    29
       Ring mail         |       |    27 |    88 |    90 |   154 ||   359
Dodge: Dodged            |    47 |    51 |   156 |   229 |   365 ||   848
Block: Kite shield       |       |       |       |   216 |   591 ||   807

Table legend: (Time is in decaauts)
 A = Elapsed time spent in this place.
 B = Non-inter-level travel time spent in this place.
 C = Inter-level travel time spent in this place.
 D = Time resting spent in this place.
 E = Time spent auto-exploring this place.
 F = Levels seen in this place.
 G = Mean time per level.
                   A        B        C        D        E       F      G
               +--------+--------+--------+--------+--------+-----+--------+
         Total |  41114 |  37947 |   3167 |   7538 |  24835 |  24 | 1713.1 |
       Dungeon |  22204 |  20337 |   1867 |   4569 |  12644 |  13 | 1708.0 |
        Temple |    188 |    143 |     45 |      0 |     91 |   1 |  188.0 |
          Lair |  14572 |  13508 |   1064 |   1838 |  10124 |   6 | 2428.7 |
  Orcish Mines |   3610 |   3421 |    189 |   1130 |   1741 |   2 | 1805.0 |
        Bailey |    398 |    398 |      0 |      0 |    173 |   1 |  398.0 |
       Volcano |    138 |    138 |      0 |      0 |     61 |   1 |  138.0 |
               +--------+--------+--------+--------+--------+-----+--------+

Top non-repeatable levels by time:
  Lair:6: 3124 daAuts
    D:11: 2858 daAuts
   Orc:2: 2798 daAuts
  Lair:2: 2623 daAuts
  Lair:1: 2476 daAuts
  Lair:5: 2412 daAuts
  Lair:3: 2379 daAuts
    D:12: 2089 daAuts
     D:6: 2001 daAuts
     D:8: 1956 daAuts
     D:9: 1953 daAuts
     D:1: 1917 daAuts
     D:7: 1617 daAuts
  Lair:4: 1555 daAuts
     D:3: 1551 daAuts
